 Dungeon Crawl Stone Soup version 0.25-a0-645-gb4487340cb (webtiles) character file.

Game seed: 2847296657959075615, levelgen mode: deterministic

19 ReteAZ the Slasher (level 2, -3/23 HPs)
             Began as a Barachi Gladiator on Mar 21, 2020.
             Killed from afar by a dart slug (7 damage)
             ... with a slug dart
             ... on level 1 of the Dungeon.
             The game lasted 00:00:32 (340 turns).

ReteAZ the Slasher (Barachi Gladiator)               Turns: 340, Time: 00:00:32

Health: -3/23      AC:  4    Str: 15    XL:     2   Next: 75%
Magic:  2/2        EV: 13    Int:  8    God:
Gold:   15         SH:  0    Dex: 13    Spells: 1/1 levels left

rFire    . . .     SeeInvis .   a - +0 long sword
rCold    . . .     Gourm    .   (no shield)
rNeg     . . .     Faith    .   b - +0 leather armour
rPois    .         Spirit   .   c - +0 helmet
rElec    .         Reflect  .   (no cloak)
rCorr    .         Harm     .   (no gloves)
MR       .....                  (no boots)
Stlth    +.........             (no amulet)
HPRegen  0.07/turn              (no ring)
MPRegen  0.08/turn              (no ring)

@: slow
A: +LOS, swims, slowness 1, strong legs 1
a: Hop


You were on level 1 of the Dungeon.
You were not hungry.

You visited 1 branch of the dungeon, and saw 1 of its levels.

You collected 15 gold pieces.

Inventory:

Hand Weapons
 a - a +0 long sword (weapon)
Missiles
 d - 3 throwing nets (quivered)
Armour
 b - a +0 leather armour (worn)
 c - a +0 helmet (worn)
Scrolls
 h - a scroll of noise {unknown}
 i - a scroll of immolation {unknown}
Potions
 e - a potion of cancellation {unknown}
Comestibles
 f - a ration


   Skills:
 + Level 2.8 Fighting
 * Level 4.2 Long Blades
 - Level 2.0 Throwing
 + Level 3.5 Dodging


You had one spell level left.
You didn't know any spells.
Your spell library was empty.

Dungeon Overview and Level Annotations

Branches:
Dungeon (1/15)

Altars:


Innate Abilities, Weirdness & Mutations

You can be seen from farther away. (+LOS)
You can swim through water.
You cover ground slowly.
You can hop short distances.


Message History

You hit the jackal.
You kill the jackal!
The dart slug launches a dart at you. The slug dart hits you.
The jackal bites you. The dart slug launches a dart at you.
The slug dart hits you but does no damage.
The jackal barely misses you.
You riposte.
Your leather armour prevents you from hitting the jackal.
You hit the jackal.
The jackal is severely wounded.
The jackal bites you.
* * * LOW HITPOINT WARNING * * *
The dart slug launches a dart at you. The slug dart misses you.
The jackal barely misses you. The jackal misses you.
The jackal closely misses you.
You riposte.
You slash the jackal!
You kill the jackal!
The dart slug launches a dart at you. The slug dart hits you!
You die...

. #.# #.# ..(###.#
#.# .......####.# #
#......# ##...
#.##..##### ....# .
###........####
#.....
.......##...#.....
...
.#.###.##.........#
.
.........@......#.#
.......#..........#
........†w.........
......#.....#.....
.........†...#.#..
.......#$......#..
##.......##..#.#
.......... ......
####.###.# #.#####


You could see a dart slug.

Vanquished Creatures
  An ooze (D:1)
  A leopard gecko (D:1)
  A bat (D:1)
  A goblin (D:1)
  A hobgoblin (D:1)
  3 jackals (D:1)
  A ball python (D:1)
  A frilled lizard (D:1)
  2 kobolds (D:1)
  A rat (D:1)
13 creatures vanquished.

Notes
Turn   | Place    | Note
-------+----------+-------------------------------------------
     0 | D:1      | ReteAZ the Barachi Gladiator began the quest for the Orb.
     0 | D:1      | Reached XP level 1. HP: 17/17 MP: 1/1
    75 | D:1      | Reached skill level 4 in Long Blades
    75 | D:1      | Reached XP level 2. HP: 16/23 MP: 2/2
   340 | D:1      | Killed from afar by a dart slug

Levels and vault maps discovered:
D:1:      wheals_arrival_linesprint, layout_basic

Skill      XL: |  1 |
---------------+----+-----
Long Blades    | 4 |  4.2
Fighting       | |  2.8
Throwing       | |  2.0
Dodging        | |  3.5

Action                   || total
-------------------------++-------
Melee: Long sword        ||    37
Armor: Leather armour    ||    12
Dodge: Dodged            ||    40
       Rpst.: Long sword ||    19

Table legend:
 A = Non-vault XP
 B = Vault XP
 C = Vault XP percentage of total XP
 D = Non-vault monster count
 E = Vault monster count
 F = Vault count percentage of total count
                 A         B        C        D         E       F
            +---------+---------+-------+---------+---------+-------
      Total |      28 |       0 |   0.0 |      13 |       0 |   0.0
            +---------+---------+-------+---------+---------+-------
        D:1 |      28 |       0 |   0.0 |      13 |       0 |   0.0
            +---------+---------+-------+---------+---------+-------
